 Dungeon Crawl Stone Soup version 0.21-a0-358-g8928369 (webtiles) character file.

28 Dfrag the Firebug (level 3, 24/24 HPs)
             Began as a Demonspawn Fire Elementalist on Oct 13, 2017.
             Quit the game on level 1 of the Dungeon.
             The game lasted 00:01:48 (480 turns).

Dfrag the Firebug (Demonspawn Fire Elementalist)     Turns: 480, Time: 00:01:48

Health: 24/24      AC:  4    Str:  8    XL:     3   Next: 0%
Magic:  1/6        EV: 12    Int: 17    God:
Gold:   40         SH:  0    Dex: 13    Spells: 5/6 levels left

rFire    . . .     SeeInvis .   (no weapon)
rCold    . . .     Gourm    .   (no shield)
rNeg     . . .     Faith    .   a - +0 robe
rPois    .         Spirit   .   (no helmet)
rElec    .         Reflect  .   (no cloak)
rCorr    .         Harm     .   (no gloves)
MR       .....                  (no boots)
Stlth    +++.......             (no amulet)
HPRegen  0.08/turn              (no ring)
MPRegen  0.10/turn              (no ring)

@: no status effects
A: molten scales 1, nightstalker 1
a: no special abilities


You were on level 1 of the Dungeon.
You were not hungry.

You visited 1 branch of the dungeon, and saw 1 of its levels.

You collected 40 gold pieces.

Inventory:

Armour
 a - a +0 robe (worn)
Scrolls
 e - a scroll of noise {unknown}
 i - 3 scrolls of recharging {unknown}
Potions
 g - a potion of lignification {unknown}
 h - a potion of mutation {unknown}
Books
 b - a book of Flames

   Spells                             Type                      Level
   a - Flame Tongue                   Conjuration/Fire             1
   b - Throw Flame                    Conjuration/Fire             2
   c - Conjure Flame                  Conjuration/Fire             3
   d - Inner Flame                    Hexes/Fire                   3
   e - Sticky Flame                   Conjuration/Fire             4
   f - Fireball                       Conjuration/Fire             5
Comestibles
 c - a bread ration
 d - 2 fruits
 f - 3 chunks of flesh
 j - 2 meat rations


   Skills:
 - Level 1.7 Dodging
 - Level 1.7 Stealth
 + Level 2.4 Spellcasting
 + Level 1.9 Conjurations
 + Level 3.0 Fire Magic


You had 5 spell levels left.
You knew the following spells:

 Your Spells              Type           Power        Failure   Level  Hunger
a - Flame Tongue          Conj/Fire      ##...        7%          1    #......


Dungeon Overview and Level Annotations

Branches:
Dungeon (1/15)

Altars:


Innate Abilities, Weirdness & Mutations

You are partially covered in molten scales. (AC +2)
You are slightly more attuned to the shadows.


Message History

The bat misses you. The bat misses you. The bat hits you but does no damage.
You hit the bat but do no damage.
The bat is severely wounded.
The bat barely misses you.
You hit the bat but do no damage.
The bat is heavily wounded.
The bat barely misses you. The bat barely misses you.
The bat hits you but does no damage.
You hit the bat.
You kill the bat!
You have reached level 3!
Your experience leads to an increase in your attributes!
Increase (S)trength, (I)ntelligence, or (D)exterity?
You feel clever.
Your demonic ancestry asserts itself...
You slip into the darkness of the dungeon.
A frilled lizard comes into view.
A frilled lizard is nearby!
A frilled lizard is nearby!
Are you sure you want to abandon this character and quit the game? (Confirm with "yes".)

###
####################.#
....................#
#............####.##
#..@................
#..#########.####.##
#.. #.# #... #.. #.#
#(## #.. #.# #.## #..
... .... #.l ... #####
## ### .###..


You could see a frilled lizard (sleeping).

Vanquished Creatures
  An ooze (D:1)
  A dart slug (D:1)
  A ball python (D:1)
  3 goblins (D:1)
  3 hobgoblins (D:1)
  2 bats (D:1)
  2 frilled lizards (D:1)
  3 kobolds (D:1)
  7 rats (D:1)
23 creatures vanquished.

Notes
Turn   | Place    | Note
-------+----------+-------------------------------------------
     0 | D:1      | Dfrag the Demonspawn Fire Elementalist began the quest for the Orb.
     0 | D:1      | Reached XP level 1. HP: 13/13 MP: 3/3
   128 | D:1      | Gained mutation: You are partially covered in molten scales. (AC +2) [demonic ancestry]
   128 | D:1      | Reached XP level 2. HP: 4/19 MP: 0/5
   286 | D:1      | Reached skill level 3 in Fire Magic
   475 | D:1      | Gained mutation: You are slightly more attuned to the shadows. [demonic ancestry]
   475 | D:1      | Reached XP level 3. HP: 24/24 MP: 1/6
   480 | D:1      | Quit the game

Vault maps used:
D:1:      lemuel_arrival_hallway, solitary_fountain

Skill      XL: |  1  2 |
---------------+-------+-----
Fire Magic     | 3 |  3.0
Dodging        | |  1.7
Stealth        | |  1.7
Spellcasting   | |  2.4
Conjurations   | |  1.9

Action                   || total
-------------------------++-------
Melee: Unarmed           ||    38
 Cast: Flame Tongue      ||    34
Armor: Robe              ||    10
Dodge: Dodged            ||    45

Table legend:
 A = Spawn XP
 B = Non-spawn XP
 C = Spawn XP percentage of total XP
 D = Spawn monster count
 E = Non-spawn monster count
 F = Spawn count percentage of total count
 G = Total turns spent on level
                    A         B        C        D         E        F      G
               +---------+---------+-------+---------+---------+-------+---------
         Total |       0 |      41 |   0.0 |       0 |      23 |   0.0 |   480
               +---------+---------+-------+---------+---------+-------+---------
           D:1 |       0 |      41 |   0.0 |       0 |      23 |   0.0 |   480
               +---------+---------+-------+---------+---------+-------+---------
